 Dungeon Crawl Stone Soup version 0.32-a0-314-g526f7d4993 (webtiles) character file.

Game seed: 15668954336407180365

407 Xavori the Trooper (level 7, 52/52 HPs)
             Began as a Djinni Chaos Knight on Feb 16, 2024.
             Was a Plaything of Xom.
             Quit the game on level 4 of the Dungeon.
             The game lasted 00:03:23 (12296 turns).

Xavori the Trooper (Djinni Chaos Knight)           Turns: 12296, Time: 00:03:23

Health: 52/52      AC:  6    Str: 11    XL:     7   Next: 12%
Gold:   98         EV: 12    Int: 13    God:    Xom [..*...] SH:  0 Dex: 13

rFire   + + .        a - +0 falchion (protect)
rCold   x . .        (no shield)
rNeg    . . .        b - +3 leather armour
rPois   ∞            (no helmet)
rElec   .            (no cloak)
rCorr   .            (no gloves)
SInv    .            (boots unavailable)
Will    +....        (no amulet)
Stlth   +            (no ring)
HPRegen 0.28/turn    (no ring)
MPRegen 0.00/turn

%: no passive effects
@: flying
A: sickness immunity, fire resistance 2, cold vulnerability 1, float, innate
caster, HP casting, extra vitality 1, clumsy 1, strong-willed 1
a: Renounce Religion


You were on level 4 of the Dungeon.
You worshipped Xom.
You were a toy of Xom.
You visited 1 branch of the dungeon, and saw 4 of its levels.

You collected 98 gold pieces.

Inventory:

Hand Weapons
 a - a +0 falchion of protection (weapon)
Armour
 b - a +3 leather armour (worn)
Wands
 k - a wand of iceblast (18)
Scrolls
 c - a scroll of butterflies
 f - 2 scrolls of teleportation
 h - a scroll of blinking
 i - a scroll of vulnerability {unknown}
 j - a scroll of noise
 l - a scroll of poison
 m - a scroll of torment
 r - 2 scrolls of brand weapon
Potions
 d - a potion of heal wounds {unknown}
 e - a potion of lignification {unknown}
 g - a potion of ambrosia {unknown}
 p - a potion of degeneration {unknown}
 q - 2 potions of haste {unknown}


   Skills:
 + Level 4.0 Fighting
 + Level 3.6 Long Blades
 + Level 2.7 Armour
 + Level 3.6 Dodging
 * Level 2.9 Spellcasting
 * Level 2.9 Conjurations
 * Level 2.9 Hexes
   Level 0.0 Charms
 * Level 2.9 Summonings
 * Level 2.9 Necromancy
 * Level 2.9 Translocations
   Level 0.0 Transmutations
 * Level 2.9 Fire Magic
 * Level 2.9 Ice Magic
 * Level 2.9 Air Magic
 * Level 2.9 Earth Magic
 * Level 2.9 Alchemy


You knew the following spells:

 Your Spells              Type           Power      Damage    Failure   Level
a - Sting                 Conj/Alch      36%        1d5       9%          1
b - Lesser Beckoning      Tloc           18%        N/A       14%         2
c - Sigil of Binding      Hex            9%         N/A       26%         3
Your spell library was empty.

Dungeon Overview and Level Annotations

Branches:
Dungeon (4/15)
 Temple: D:4-7

Altars:
Xom
The Shining One

Shops:
D:1 *


Innate Abilities, Weirdness & Mutations

You are immune to sickness and miasma.
You are immune to poison.
Your flesh is very heat resistant. (rF++)
You are vulnerable to cold. (rC-)
You float through the air rather than walking.
You learn spells naturally, not from books.
Your magical power is your life essence.
You have superior vitality. (+4 MHP)
You are clumsy. (Dex -2)
You are strong-willed. (Will+)


Message History

An ogre is nearby!
The ogre hits you with a +0 giant club!
An ogre is nearby!
You hit the ogre.
Your weapon exudes an aura of protection.
The ogre is lightly wounded. "See what I see, my child!"
You feel aware of your surroundings.
You hit the ogre but do no damage.
The ogre is lightly wounded.
The ogre hits you with a +0 giant club.
You hit the ogre but do no damage.
The ogre is lightly wounded.
The ogre closely misses you.
Your iron imp hits the ogre!
You hit the ogre but do no damage.
The ogre is heavily wounded.
The ogre hits you with a +0 giant club!!
* * * LOW HITPOINT WARNING * * *
A shower of butterflies erupts from you!
Your iron imp hits the ogre!
Unknown command.
You are too injured to fight recklessly!
You are too injured to fight recklessly!
You are too injured to fight recklessly!
You slash the ogre!
You kill the ogre!
Your Fighting skill increases to level 4!
You have reached level 7!
The power to cast Sigil of Binding wells up from within.
Spell assigned to 'c'.
Unknown command.
Unknown command.
You start resting.
Your butterfly disappears in a puff of smoke! x2
You start resting.
Xom makes a sudden noise!
You hear a hideous shriek!
You hear a shout!
You start resting.
HP restored.
Are you sure you want to abandon this character and quit the game? (Confirm with "yes".)

*** ,* #.##. *, ,, ,
,,,....#+# .# .. , *** ,
*##...#.##.# .... * *,,,
#......##.##.... ,
#...............
,*#########......#.......#
.........$.............# *
*#..........#+#†#.....# *
#....@......†..#<.....
#...)5................ *
**#.............###....# ,
................+....... *
###.............####....
###########...# #....
#...# #.... #...# #.... ,
* #....


You could see a friendly iron imp (summoned).

Vanquished Creatures
  An ogre (D:4)
  A scorpion (D:3)
  A hound (D:4)
  Ijyb (D:4)
  7 adders
  3 dart slugs
  An orc (D:3)
  6 endoplasms
  5 giant cockroaches
  8 goblins
  4 hobgoblins
  6 jackals
  6 quokkas
  6 ball pythons
  2 bats
  6 frilled lizards
  7 kobolds
  4 rats
75 creatures vanquished.

Vanquished Creatures (collateral kills)
  An adder (D:3)
  A jackal (D:3)
  A frilled lizard (D:3)
  2 kobolds (D:3)
5 creatures vanquished.

Vanquished Creatures (others)
  A jelly (D:4)
1 creature vanquished.

Grand Total: 81 creatures vanquished

Notes
Turn   | Place    | Note
-------+----------+-------------------------------------------
     0 | D:1      | Xavori the Djinni Chaos Knight began the quest for the Orb.
     0 | D:1      | Reached XP level 1. HP: 20/20 MP: 0/0
    58 | D:1      | Reached XP level 2. HP: 24/25 MP: 0/0
    81 | D:1      | XOM: confuse monster(s)
   164 | D:1      | Found Xatwen's Assorted Antiques.
   172 | D:1      | Reached XP level 3. HP: 30/30 MP: 0/0
   172 | D:1      | Learned a level 1 spell: Sting
   225 | D:1      | Reached skill level 1 in Spellcasting
   225 | D:1      | Reached skill level 1 in Conjurations
   225 | D:1      | Reached skill level 1 in Hexes
   225 | D:1      | Reached skill level 1 in Summonings
   225 | D:1      | Reached skill level 1 in Necromancy
   225 | D:1      | Reached skill level 1 in Translocations
   225 | D:1      | Reached skill level 1 in Fire Magic
   225 | D:1      | Reached skill level 1 in Ice Magic
   225 | D:1      | Reached skill level 1 in Air Magic
   225 | D:1      | Reached skill level 1 in Earth Magic
   225 | D:1      | Reached skill level 1 in Alchemy
   438 | D:1      | XOM: cloud trail
  2203 | D:1      | XOM is BORED!
  2601 | D:1      | XOM: silly message
  3013 | D:1      | XOM: silly message
  3122 | D:1      | XOM: divination: magic mapping
  3230 | D:1      | XOM: silly message
  3636 | D:1      | XOM: cloud trail
  3735 | D:1      | XOM: silly message
  4403 | D:1      | XOM: summons 2 hostile demons
  4835 | D:1      | XOM: silly message
  5980 | D:1      | XOM: summons 3 hostile shadow creatures
  6352 | D:1      | XOM: god gift: jewelled fluorescent wand {god gift}
  6457 | D:2      | XOM: give mutations
  6457 | D:2      | Gained mutation: You are clumsy. (Dex -2) [Xom's mischief]
  6457 | D:2      | Gained mutation: Your mind is acute. (Int +4, Str/Dex -1)
                  | [Xom's mischief]
  6566 | D:1      | XOM: silly message
  7197 | D:1      | XOM: summons 2 hostile demons
  7811 | D:1      | XOM is BORED!
  7930 | D:1      | XOM: scenery: summon butterflies
  8386 | D:1      | XOM: scenery: create altars
  8589 | D:1      | XOM: give mutations
  8589 | D:1      | Lost mutation: Your mind is acute. (Int +4, Str/Dex -1)
                  | [Xom's mischief]
  8589 | D:1      | Gained mutation: You are strong-willed. (Will+) [Xom's
                  | mischief]
  9007 | D:1      | XOM: god gift: 2 gold pieces
  9977 | D:1      | XOM: summons 1 hostile shadow creature
 10145 | D:2      | XOM: god gift: staff of death
 10244 | D:2      | XOM: stat loss: -1 Int (12/13)
 10258 | D:2      | Reached XP level 4. HP: 35/35 MP: 0/0
 10900 | D:3      | XOM: stat loss: -1 Int (12/13)
 10910 | D:3      | Reached XP level 5. HP: 39/40 MP: 0/0
 10910 | D:3      | Learned a level 2 spell: Lesser Beckoning
 11062 | D:3      | XOM: fog
 11079 | D:3      | XOM: summons friendly crimson imp
 11237 | D:3      | XOM: polymorph crimson imp -> lemure
 11247 | D:3      | Reached XP level 6. HP: 44/46 MP: 0/0
 11274 | D:3      | Found a glowing golden altar of the Shining One.
 11373 | D:3      | Found a faded altar of an unknown god.
 11496 | D:3      | XOM: summons friendly white imp
 11574 | D:3      | XOM: polymorph white imp -> iron imp
 11742 | D:4      | Noticed Ijyb
 11757 | D:4      | Killed Ijyb
 11761 | D:4      | XOM: divine lightning
 12121 | D:4      | XOM: summons friendly iron imp
 12137 | D:4      | Noticed an ogre
 12141 | D:4      | XOM: divination: magic mapping
 12144 | D:4      | XOM: butterfly on damage
 12145 | D:4      | Killed an ogre
 12146 | D:4      | Reached skill level 4 in Fighting
 12146 | D:4      | Reached XP level 7. HP: 10/52 MP: 0/0
 12146 | D:4      | Learned a level 3 spell: Sigil of Binding
 12293 | D:4      | XOM: noise
 12296 | D:4      | Quit the game

Illustrated notes

Levels and vault maps discovered:
D:1:      wheals_arrival_shading, layout_rooms, serial_shops, shop,
          amethyst_killhole, chequers_serial_rivers_small_a,
          hangedman_decor_lopped
D:2:      layout_basic, minmay_3d_cube
D:3:      minmay_chambers_of_threes, layout_rooms, marbit_many_paths,
          basic_ecumenical_altar
D:4:      layout_basic, cheibrodos_gnoll_hut, uniq_ijyb

Skill      XL: |  1  2  3  4  5  6 |
---------------+-------------------+-----
Spellcasting   | 1 2 |  2.9
Conjurations   | 1 2 |  2.9
Hexes          | 1 2 |  2.9
Summonings     | 1 2 |  2.9
Necromancy     | 1 2 |  2.9
Translocations | 1 2 |  2.9
Fire Magic     | 1 2 |  2.9
Ice Magic      | 1 2 |  2.9
Air Magic      | 1 2 |  2.9
Earth Magic    | 1 2 |  2.9
Alchemy        | 1 2 |  2.9
Long Blades    | 3 |  3.6
Armour         | 2 |  2.7
Dodging        | 3 |  3.6
Fighting       | 4 |  4.0

Action                     |  1- 3 |  4- 6 |  7- 9 || total
---------------------------+-------+-------+-------++-------
  Melee: Falchion          |    70 |   195 |       ||   265
    Use: Scroll            |       |     9 |       ||     9
   Stab: Sleeping          |     2 |       |       ||     2
         Confused          |       |     1 |       ||     1
 Armour: Leather armour    |    41 |   150 |       ||   191
  Dodge: Dodged            |    49 |   147 |       ||   196

Table legend: (Time is in decaauts)
 A = Elapsed time spent in this place.
 B = Non-inter-level travel time spent in this place.
 C = Inter-level travel time spent in this place.
 D = Time resting spent in this place.
 E = Time spent auto-exploring this place.
 F = Levels seen in this place.
 G = Mean time per level.
                   A        B        C        D        E       F      G
               +--------+--------+--------+--------+--------+-----+--------+
         Total |  12341 |  12145 |    196 |   9968 |   1595 |   4 | 3085.2 |
       Dungeon |  12341 |  12145 |    196 |   9968 |   1595 |   4 | 3085.2 |
               +--------+--------+--------+--------+--------+-----+--------+

Top non-repeatable levels by time:
     D:1: 9209 daAuts
     D:2: 1843 daAuts
     D:3: 799 daAuts
     D:4: 489 daAuts
